[Event "*** Titled Tuesday 3|2 Blitz"]
[Site "Chess.com"]
[Date "2016.06.07"]
[Round "9"]
[White "WanderingPuppet"]
[Black "josiwales"]
[Result "1-0"]
[WhiteElo "2275"]
[BlackElo "2103"]
[TimeControl "180+2"]
[EndTime "12:51:34 PDT"]
[Termination "WanderingPuppet won by resignation"]

1. e4 c5 2. Nf3 d6 3. d4 cxd4 4. Nxd4 Nf6 5. Nc3 g6 6. Be3 Bg7 7.
f3 a6 8. Qd2 h5 9. Bc4 Nbd7 10.
O-O-O b5 11. Bb3 Bb7 12. Kb1 Rc8 13. h3 Nc5 14. g4 h4 15. g5 Nh5 16. Nd5 Ng3 17. Rhe1 Qd7 18. Nb6 Qxh3 19. Nxc8 Bxc8 20. Nf5 gxf5 21. Bxc5 fxe4 22. Bxd6 exd6 23. Qxd6 Qd7 24. Qc5 Qf5 25. Rd5 Qe6 26. Rd8+ Kxd8 27. Bxe6 Bxe6 28. Rd1+ Ke8 29. Qc7 1-0

[Event "*** Titled Tuesday 3|2 Blitz"]
[Site "Chess.com"]
[Date "2016.06.07"]
[Round "9"]
[White "Abdodi"]
[Black "Wolverine_master"]
[Result "0-1"]
[WhiteElo "1969"]
[BlackElo "2096"]
[TimeControl "180+2"]
[EndTime "12:51:35 PDT"]
[Termination "Wolverine_master won by resignation"]

1. g3 Nf6 2. Bg2 g6 3. Nf3 Bg7 4. h4 d6 5. Nc3 e5 6. e4 Bg4 7. d3 Nc6 8. Bg5 h6 9. Be3 Qd7 10. Qd2 O-O-O 11. O-O-O d5 12. exd5 Nxd5 13. Nxd5 Qxd5 14.
Nh2 Qxa2 15. c3 Bxd1 16. Rxd1 Na5 17. Qe2 e4 18. Qg4+ f5 19. Qxg6 Bxc3 20. Qxf5+ Rd7 21. Rd2 Qa1+ 22. Kc2 Qxb2+ 23. Kd1 Bxd2 24. Bxd2 Nb3 25. Be3 exd3 26. Bxb7+ Kxb7 0-1

[Event "*** Titled Tuesday 3|2 Blitz"]
[Site "Chess.com"]
[Date "2016.06.07"]
[Round "9"]
[White "hansen"]
[Black "OldweakGM"]
[Result "0-1"]
[WhiteElo "2563"]
[BlackElo "2613"]
[TimeControl "180+2"]
[EndTime "12:51:39 PDT"]
[Termination "OldweakGM won by resignation"]

1. e4 c5 2. Nf3 d6 3. c3 Nf6 4. h3 Nc6 5. d4 cxd4 6. cxd4 Nxe4 7. d5 Qa5+ 8. Nc3 Nxc3 9. bxc3 Ne5 10. Be2 Nxf3+ 11.
Bxf3 g6 12. Qd4 Rg8 13. O-O Bg7 14. Qh4 Qxc3 15. Bg5 h6 16. Bxe7 g5 17. Qe4 Qe5 18. Rae1 Qxe4 19. Rxe4 Bf5 20. Ree1 Kd7 21. Bd1 Bd3 22. Re3 Bxf1 23. Bg4+ Kc7 24. Kxf1 Rge8 25. h4 Be5 26. Rxe5 dxe5 27. d6+ Kc6 28. Bf3+ Kc5 29. Bxb7 Rxe7 0-1

[Event "*** Titled Tuesday 3|2 Blitz"]
[Site "Chess.com"]
[Date "2016.06.07"]
[Round "9"]
[White "TomsKantans"]
[Black "playerzr"]
[Result "0-1"]
[WhiteElo "2432"]
[BlackElo "2099"]
[TimeControl "180+2"]
[EndTime "12:51:44 PDT"]
[Termination "playerzr won on time"]

1. e4 c5 2. Nf3 Nc6 3. d4 cxd4 4. Nxd4 e5 5. Nb5 d6 6. c4 a6 7. N5c3 Be6 8. Be3 Nf6 9. f3 Be7 10. Be2 O-O 11. O-O Rc8 12. Nd5 Bxd5 13. cxd5 Nb8 14. Nc3 Nh5 15. Qd2 Nd7 16. Rac1 Nf4 17. g3 Nxe2+ 18.
Nxe2 f5 19. Rxc8 Qxc8 20. Rc1 Qd8 21. Qb4 fxe4 22. fxe4 b5 23. Kg2 Nf6 24. h3 Qe8 25.
Bg5 Qh5 0-1

[Event "*** Titled Tuesday 3|2 Blitz"]
[Site "Chess.com"]
[Date "2016.06.07"]
[Round "9"]
[White "dabee"]
[Black "biostatistician"]
[Result "0-1"]
[WhiteElo "2404"]
[BlackElo "2315"]
[TimeControl "180+2"]
[EndTime "12:51:53 PDT"]
[Termination "biostatistician won by resignation"]

1. d4 Nf6 2. Bg5 Ne4 3. Bf4 d5 4. e3 Bf5 5. f3 Nd6 6. Nd2 e6 7. c4 Nxc4 8. Nxc4 dxc4 9. Bxc4 Bb4+ 10. Kf2 Bd6 11. Ne2 O-O 12. Qb3 Nd7 13. Rhd1 Nb6 14. Bd3 Bxd3 15. Rxd3 Nd5 16. Bg3 b6 17. e4 Bxg3+ 18.
hxg3 Nf6 19. Rc1 Rc8 20. Rc6 Qd7 21. Rdc3 Rfd8 22. Qa4 a5 23. Qc2 Ne8 24. a3 h5 25.
b4 axb4 26. axb4 Qe7 27. Rxb6 Rb8 28. Rxb8 Rxb8 29. Qa4 Rxb4 30. Qa5 Rb2 31. Qxh5 Qb4 32. Qc5 Qa4 33. Rc1 Nd6 34. g4 Qa2 35. Qc4 Nxc4 0-1

[Event "*** Titled Tuesday 3|2 Blitz"]
[Site "Chess.com"]
[Date "2016.06.07"]
[Round "9"]
[White "profofchess"]
[Black "kikydu96"]
[Result "0-1"]
[WhiteElo "2310"]
[BlackElo "2349"]
[TimeControl "180+2"]
[EndTime "12:51:56 PDT"]
[Termination "kikydu96 won by resignation"]

1. e4 e5 2. Nf3 Nc6 3. d4 exd4 4. Nxd4 Nf6 5. Nxc6 bxc6 6. Qe2 Be7 7. e5 Nd5 8. c4 Nb6 9. Qg4 g6 10. Bh6 d5 11.
Qf3 Be6 12. Nc3 Bb4 13. O-O-O Qe7 14. h4 Qc5 15. cxd5 Nxd5 16. Be3 Nxe3 17. Qxe3 Qxe3+ 18. fxe3 Bxc3 19. bxc3 Bxa2 20. c4 Rb8 21. Bd3 Ke7 22.
Kd2 Rb2+ 23. Kc3 Rxg2 24. Ra1 Rb8 25. Bc2 Bxc4 26. Rxa7 Bd5 27. Rxc7+ Ke6 28. Rf1 Kxe5 29. e4 Rxc2+ 30. Kxc2 Bxe4+ 31. Kc3 Bd5 32. Re7+ Kd6 33. Ra7 Rb3+ 34. Kc2 Rh3 35. Rf4 Ke5 36. Rb4 c5 37. Rg4 f5 38. Rg5 Rxh4 0-1

[Event "*** Titled Tuesday 3|2 Blitz"]
[Site "Chess.com"]
[Date "2016.06.07"]
[Round "9"]
[White "MinhGTrAn"]
[Black "howitzer14"]
[Result "1-0"]
[WhiteElo "2642"]
[BlackElo "2721"]
[TimeControl "180+2"]
[EndTime "12:51:59 PDT"]
[Termination "MinhGTrAn won by resignation"]

1. d4 Nf6 2. c4 e6 3. Nc3 Bb4 4. e3 O-O 5. Ne2 c6 6. a3 Ba5 7. Bd2 d5 8. Nf4 Nbd7 9. Be2 dxc4 10. Bxc4 e5 11. Nfe2 Bc7 12. O-O Qe7 13. Qc2 Nb6 14.
Bd3 Re8 15. dxe5 Qxe5 16. Ng3 h5 17. f4 Qe7 18. Rae1 Be6 19. Nce4 Nxe4 20. Bxe4 h4 21.
Nf5 Bxf5 22. Bxf5 Rad8 23. Bb4 Bd6 24. Ba5 Bc5 25. Kh1 Qf8 26. Bh7+ Kh8 27. Be4 Rd7 28. Bc3 Nd5 29. Bxd5 cxd5 30. Qf5 Re6 31. Qg4 Kg8 32. f5 Re4 33. Rf4 Rxe3 34. f6 Rxe1+ 35. Bxe1 g6 36. Qxd7 1-0

[Event "*** Titled Tuesday 3|2 Blitz"]
[Site "Chess.com"]
[Date "2016.06.07"]
[Round "9"]
[White "E-Shaposhnikov"]
[Black "Alexander_Moskalenko"]
[Result "1-0"]
[WhiteElo "2622"]
[BlackElo "2669"]
[TimeControl "180+2"]
[EndTime "12:52:02 PDT"]
[Termination "E-Shaposhnikov won by resignation"]

1. e4 Nf6 2. e5 Nd5 3. Nf3 d6 4. d4 dxe5 5. Nxe5 c6 6. c4 Nb4 7. Na3 Nd7 8. Nxd7 Bxd7 9. Be2 g6 10. O-O Bg7 11. Be3 O-O 12. Nc2 a5 13. Nxb4 axb4 14. Qb3 Qa5 15. a3 bxa3 16. Rxa3 Qc7 17. Rfa1 Rxa3 18.
Rxa3 e5 19. d5 e4 20. Bc5 cxd5 21. Bxf8 Bxf8 22. Ra7 d4 23. Qxb7 Qxb7 24. Rxb7 Be6 25. b4 d3 26. Bd1 Kg7 27. c5 Kf6 28. Rb8 Be7 29. Re8 Bd5 30. g4 Ke6 31. g5 Bc6 32. Bb3+ Kd7 33. Rh8 Bxg5 34. Rxh7 Bd2 35. Rxf7+ Kd8 36.
Rg7 g5 37. Rg6 Kc7 38. Rg7+ Kd8 39. Rg6 Kc7 40. Rg7+ Kd8 1-0

[Event "*** Titled Tuesday 3|2 Blitz"]
[Site "Chess.com"]
[Date "2016.06.07"]
[Round "9"]
[White "Winehouse83"]
[Black "Bentery"]
[Result "0-1"]
[WhiteElo "2455"]
[BlackElo "2448"]
[TimeControl "180+2"]
[EndTime "12:52:27 PDT"]
[Termination "Bentery won by resignation"]

1. d4 d5 2. c4 c6 3. Nf3 Nf6 4. Nc3 dxc4 5. a4 c5 6. d5 e6 7. e4 exd5 8. exd5 Bd6 9. Bxc4 O-O 10. O-O h6 11. Nb5 Bg4 12. Qd3 Na6 13. Nxd6 Qxd6 14.
Bd2 Rad8 15. Bc3 Nb4 16. Bxb4 cxb4 17. Rad1 Rfe8 18. h3 Bh5 19. Rfe1 Bg6 20. Rxe8+ Rxe8 21. Qd4 Re4 22. Qd3 Qc5 23. d6 Qxc4 24. Qxc4 Rxc4 25. d7 Nxd7 26. Rxd7 Rc1+ 27. Kh2 Be4 28. Nd4 Rd1 29. f3 Bc2 30. Kg3 Bxa4 31. Kf2 Bxd7 0-1

[Event "*** Titled Tuesday 3|2 Blitz"]
[Site "Chess.com"]
[Date "2016.06.07"]
[Round "9"]
[White "Rumpel-VK"]
[Black "rdclayton"]
[Result "0-1"]
[WhiteElo "2408"]
[BlackElo "2077"]
[TimeControl "180+2"]
[EndTime "12:52:27 PDT"]
[Termination "rdclayton won by checkmate"]

1. b3 e5 2. Bb2 Nc6 3. e3 d5 4.
Bb5 Bd6 5. f4 f6 6. fxe5 fxe5 7.
Nf3 Qe7 8. Bxc6+ bxc6 9. Nxe5 Qh4+ 10. g3 Qg5 11. Nf3 Qh5 12. Ne5 Qg5 13. Nf3 Qh5 14. O-O Nf6 15. d3 Bh3 16. Nbd2 Bxf1 17. Qxf1 O-O 18.
Qg2 Rae8 19. Re1 Ng4 20. Nf1 Bc5 21. Bd4 Bxd4 22. Nxd4 Rf2 23. Qxf2 Nxf2 24. Kxf2 c5 25. Ne2 Rf8+ 26. Kg1 Qf3 27. Nf4 c6 28. e4 g5 29.
Nd2 Qg4 30. Ng2 h5 31. Ne3 Qe6 32. Ng2 h4 33. exd5 Qh3 34. gxh4 gxh4 35. dxc6 Qg4 36. Kh1 h3 37. Ne3 Qf4 38. Rg1+ Kh8 39. Rf1 Qxe3 40.
Rxf8+ Kg7 41. c7 Qxd2 42. Rg8+ Kf6 43. Rf8+ Ke5 44. d4+ Kd6 45. Kg1 Qg2# 0-1

[Event "*** Titled Tuesday 3|2 Blitz"]
[Site "Chess.com"]
[Date "2016.06.07"]
[Round "9"]
[White "Zazuliak"]
[Black "bugsbunny444"]
[Result "1-0"]
[WhiteElo "2369"]
[BlackElo "2359"]
[TimeControl "180+2"]
[EndTime "12:52:33 PDT"]
[Termination "Zazuliak won on time"]

1. d4 e6 2. c4 b6 3. Nc3 Bb7 4. Nf3 f5 5. Bf4 Nf6 6. g3 Bb4 7. Bg2 O-O 8. O-O Bxc3 9. bxc3 Nc6 10. Ne5 Na5 11. Bxb7 Nxb7 12. Qa4 d6 13. Nd3 Qd7 14. Qb5 a6 15. Qb4 Qc6 16. a4 Na5 17. Nb2 Rfe8 18.
Rfd1 Nd7 19. Rac1 e5 20. Be3 g6 21. f3 Re7 22. Bg5 Rf7 23. Be3 Re8 24. Bf2 e4 25. d5 Qb7 26. Bd4 Qc8 27. f4 Nb7 28. e3 a5 29. Qb3 Nbc5 30. Qc2 Ree7 31. Rd2 Qe8 32. Rf1 h6 33. Rg2 Kh7 34. h4 Nf6 35. Nd1 Qxa4 36. Qxa4 Nxa4 37. Nf2 Nc5 38. Ra1 h5 39. Nh3 Kg8 40. Ng5 Rf8 41. Bxc5 dxc5 42. Kf2 Ra8 43. Ke2 Ne8 44. Ne6 1-0

[Event "*** Titled Tuesday 3|2 Blitz"]
[Site "Chess.com"]
[Date "2016.06.07"]
[Round "9"]
[White "dondimi"]
[Black "Noukii"]
[Result "1-0"]
[WhiteElo "2467"]
[BlackElo "2641"]
[TimeControl "180+2"]
[EndTime "12:52:54 PDT"]
[Termination "dondimi won by resignation"]

1. d4 d5 2. c4 c6 3. Nf3 Nf6 4.
Nc3 dxc4 5. a4 Bg4 6. Ne5 Bh5 7. f3 e6 8. e4 Bb4 9. Be2 Nbd7 10. Nxc4 O-O 11.
O-O a5 12. Be3 Re8 13. Qb3 Qc7 14. Rfd1 Rad8 15. Rac1 Rc8 16. g3 h6 17. Bf4 Qd8 18.
Na2 g5 19. Be3 Qe7 20. Nxb4 axb4 21.
Bd2 c5 22. e5 Nd5 23. Nd6 b6 24.
Be3 Red8 25. Nxc8 Rxc8 26. Bf2 Qf8 27. Bc4 cxd4 28. Bxd5 Nc5 29. Qxb4 exd5 30. g4 Bg6 31. Bxd4 Qe8 32. Bxc5 bxc5 33. Rxc5 Rxc5 34. Qxc5 Qxe5 35.
Qxd5 Qxb2 36. a5 Qa3 37. Qe5 Kh7 38. Rd8 Qc1+ 39. Kg2 1-0

[Event "*** Titled Tuesday 3|2 Blitz"]
[Site "Chess.com"]
[Date "2016.06.07"]
[Round "9"]
[White "jeaston1"]
[Black "akinov-akinseye"]
[Result "1-0"]
[WhiteElo "2024"]
[BlackElo "1714"]
[TimeControl "180+2"]
[EndTime "12:52:55 PDT"]
[Termination "jeaston1 won by resignation"]

1. d4 d5 2. c4 e6 3. Nc3 Nf6 4. cxd5 exd5 5. Bg5 Be7 6. e3 O-O 7. Bd3 c6 8. Nge2 Bg4 9. O-O Nbd7 10. f3 Bh5 11.
Qc2 Bg6 12. e4 dxe4 13. fxe4 Ne8 14. Bxe7 Qxe7 15. e5 Bxd3 16. Qxd3 Nc7 17. Rf3 Nd5 18. Rh3 g6 19. Ne4 f5 20. Nd6 Rab8 21. Rf1 N7b6 22.
Nf4 Nxf4 23. Rxf4 Nc8 24. Rfh4 Nxd6 25. exd6 Qd7 26. Qb3+ Kh8 27. Rxh7+ Qxh7 28. Qe6 Qxh3 29. gxh3 Kg7 30. d7 Rbd8 31. Qe5+ Kg8 32. Qc7 Kf7 33.
Qxb7 Ke7 34. Qxa7 Rxd7 35. Qc5+ Rd6 36. a4 Rd8 37. a5 Kf7 38. Qc4+ Kf6 39. a6 Rxd4 40.
Qxc6+ R8d6 41. Qc3 Ke5 42. a7 Rd8 43. Qe3+ Kf6 44. Qxd4+ Rxd4 45. a8=Q Rd1+ 46. Kf2 Rd2+ 47.
Kg3 Rxb2 48. Qh8+ 1-0

[Event "*** Titled Tuesday 3|2 Blitz"]
[Site "Chess.com"]
[Date "2016.06.07"]
[Round "9"]
[White "Journey_to_GrandMaster_YT"]
[Black "Dlugy"]
[Result "0-1"]
[WhiteElo "2362"]
[BlackElo "2593"]
[TimeControl "180+2"]
[EndTime "12:53:07 PDT"]
[Termination "Dlugy won by resignation"]

1. d4 Nf6 2. c4 g6 3. Nc3 Bg7 4.
e4 d6 5. Nf3 O-O 6. Be2 e5 7.
O-O exd4 8. Nxd4 Re8 9. f3 c6 10. Kh1 Nbd7 11. Bg5 Qb6 12. Nb3 a5 13. Qd2 a4 14.
Be3 Qc7 15. Nd4 Nc5 16. Rfd1 Nh5 17. Rab1 Qe7 18. b4 axb3 19. axb3 Qh4 20. Kg1 Be5 21.
f4 Nxf4 22. Nf3 Bxc3 23. Nxh4 Bxd2 24. Rxd2 Nxe2+ 25. Rxe2 Rxe4 26. Nf3 Bg4 27. b4 Ne6 28. Kf2 Rxc4 29. b5 c5 30. Rd1 Rd8 31. Rb2 Bxf3 32.
gxf3 d5 33. Ra1 d4 34. Bd2 d3 35. Ra7 Rc2 36. Rxc2 dxc2 37. Be3 f5 38. Rxb7 f4 39. Bc1 Rd1 40. Bb2 Rb1 41. Rb8+ Kf7 42. Rb7+ Ke8 43. Ba3 c1=Q 44. Bxc1 Rxc1 45. Rxh7 Rc2+ 46. Kf1 Rb2 47. Rh6 Kf7 48. Rh7+ Ng7 49. Rh4 g5 50. Rh8 Rxb5 51.
Rc8 Ne6 52. Kg2 Rb3 53. Rc6 Ke7 54. Rc8 Kd7 55. Rg8 c4 56. Ra8 c3 57. Ra1 c2 58.
Rc1 Nd4 59. Kh3 Ke6 60. Kg4 Kf6 61. h4 gxh4 62. Kxf4 Ne2+ 0-1

[Event "*** Titled Tuesday 3|2 Blitz"]
[Site "Chess.com"]
[Date "2016.06.07"]
[Round "9"]
[White "sandropozo"]
[Black "AleksandrKholin"]
[Result "1-0"]
[WhiteElo "2406"]
[BlackElo "2112"]
[TimeControl "180+2"]
[EndTime "12:53:08 PDT"]
[Termination "sandropozo won by checkmate"]

1. d4 Nf6 2. Nf3 e6 3. c4 Bb4+ 4. Bd2 a5 5. g3 b6 6. Bg2 Bb7 7. O-O O-O 8. Bg5 Be7 9. Bxf6 Bxf6 10. Nc3 d6 11. e4 e5 12. Nd5 Nc6 13. dxe5 dxe5 14.
Qd3 g6 15. Rfd1 Bg7 16. Rac1 Nd4 17. Nxd4 exd4 18. c5 Ba6 19. Qd2 Rb8 20. cxb6 cxb6 21. f4 Qd7 22. Rc7 Qa4 23. b3 Qa3 24. e5 d3 25. h4 a4 26. f5 Bxe5 27. f6 Qb2 28. Ne7+ Kh8 29. Nxg6+ Kg8 30. Qh6 Bxf6 31. Nxf8 Rxf8 32.
Kh1 Bg7 33. Qh5 axb3 34. Be4 h6 35. Qf5 Rd8 36. Qxf7+ Kh8 37. Qg6 Kg8 38. Rf1 d2 39. Qh7# 1-0

[Event "*** Titled Tuesday 3|2 Blitz"]
[Site "Chess.com"]
[Date "2016.06.07"]
[Round "9"]
[White "talaicito"]
[Black "norwaytoadog"]
[Result "0-1"]
[WhiteElo "1919"]
[BlackElo "2040"]
[TimeControl "180+2"]
[EndTime "12:53:14 PDT"]
[Termination "norwaytoadog won by resignation"]

1. e4 e5 2. Nf3 Nc6 3. Bb5 a6 4. Bxc6 dxc6 5. d4 exd4 6. Qxd4 Qxd4 7. Nxd4 Bd7 8. Be3 O-O-O 9. Nd2 g6 10. N2b3 c5 11. Nf3 Bg7 12. c3 b6 13. Ng5 Nh6 14.
O-O-O Rhe8 15. f3 f6 16. Nh3 Bxh3 17. gxh3 f5 18. Bg5 Rxd1+ 19. Rxd1 fxe4 20. fxe4 Rxe4 21. Rd8+ Kb7 22. Rd7 Nf5 23. Nd2 Re1+ 24. Kc2 h6 25. Bf4 Be5 26. Nf3 Ne3+ 27. Kd2 Rd1+ 28. Kxe3 Bxf4+ 29.
Kxf4 Rxd7 30. Ne5 Rd6 31. h4 Rf6+ 32. Kg3 Re6 33. Kf4 Rf6+ 34. Kg3 b5 35. Ng4 Rf1 36. Nxh6 b4 37. Ng4 bxc3 38. bxc3 Rc1 39. Ne5 Rxc3+ 40. Kg4 Rc2 41. Nxg6 Rxh2 42. h5 c4 43. Nh4 c3 44. h6 Rd2 45. h7 Rd8 46. Ng6 c2 47. Nf8 Rxf8 0-1

[Event "*** Titled Tuesday 3|2 Blitz"]
[Site "Chess.com"]
[Date "2016.06.07"]
[Round "9"]
[White "andretta"]
[Black "ItalianMachine"]
[Result "1/2-1/2"]
[WhiteElo "2160"]
[BlackElo "2318"]
[TimeControl "180+2"]
[EndTime "12:53:29 PDT"]
[Termination "Game drawn by agreement"]

1. b3 e5 2. Bb2 d6 3. g3 g6 4. Bg2 Bg7 5. Nf3 c5 6. O-O Nc6 7. e3 Nge7 8. c3 O-O 9. d4 cxd4 10. cxd4 Bg4 11. Qd3 f5 12. dxe5 Bxf3 13. Bxf3 Nxe5 14. Bxe5 Bxe5 15. Nc3 Rc8 16. Rac1 Qa5 17. Nd5 Nxd5 18. Bxd5+ Kh8 19. Bxb7 Rxc1 20. Rxc1 Qxa2 21. Rc2 Qa1+ 22. Kg2 Qa5 23. Bd5 Qb6 24. Rc6 Qb4 25. Qa6 Qb8 26. Qa4 h5 27. Ra6 g5 28. Rxa7 Qe8 29. Qxe8 Rxe8 30.
Ra8 Rxa8 31. Bxa8 Kg7 32. b4 Bc3 33. b5 Ba5 34. h4 Kg6 35. Bd5 gxh4 36. gxh4 Kf6 37.
Bc6 Bd8 38. Be8 Kg7 39. Bxh5 Bxh4 40. Kf3 Bd8 41. Be8 Kf6 42. Bd7 Ke5 43. Bc8 Bb6 44.
Ke2 d5 45. f3 f4 46. exf4+ Kxf4 47. Be6 Ke5 48. Bg4 Bc5 49. Kd3 Bb6 50. Bd7 Bc5 51. Bc6 Bb6 52. Kc3 Bc5 53. Kb3 Kd4 54. f4 Ke4 55. f5 Kxf5 56. Bxd5 Bg1 57. Kc4 Kf6 58. Be4 Kg5 59. Kd5 Kf4 60. Bc2 Kg5 1/2-1/2

[Event "*** Titled Tuesday 3|2 Blitz"]
[Site "Chess.com"]
[Date "2016.06.07"]
[Round "9"]
[White "Mvpag"]
[Black "eltenedor"]
[Result "1-0"]
[WhiteElo "2089"]
[BlackElo "2031"]
[TimeControl "180+2"]
[EndTime "12:53:34 PDT"]
[Termination "Mvpag won by resignation"]

1. d4 d5 2. Nf3 Nf6 3. e3 g6 4. Bd3 Bg7 5. O-O O-O 6. Nbd2 Nbd7 7. c3 c5 8. Re1 Qc7 9. e4 dxe4 10. Nxe4 cxd4 11. Nxd4 Nxe4 12. Bxe4 a6 13. Qf3 Nc5 14. Bc2 e5 15. Nb3 Be6 16. Nxc5 Qxc5 17. Qxb7 Rfb8 18. Qf3 Qb6 19. Be4 Ra7 20. Be3 Qc7 21. Bxa7 Qxa7 22.
b3 Qc5 23. c4 f5 24. Bd5 Re8 25. Bxe6+ Rxe6 26. Rad1 e4 27. Qe3 Qc7 28. Rd5 f4 29. Qh3 Qe7 30. Red1 e3 31. Rd8+ Kf7 32. fxe3 Rxe3 33. R8d7 Rxh3 34. gxh3 Be5 35. Rxe7+ Kxe7 36. Kf2 Kf6 37. Kf3 g5 38. Rd5 Bc7 39. Rc5 Be5 40.
Rc6+ Kf5 41. Rxa6 h5 42. Ra5 g4+ 43. hxg4+ hxg4+ 44. Kf2 Ke4 45. Rxe5+ Kxe5 46. a4 1-0

[Event "*** Titled Tuesday 3|2 Blitz"]
[Site "Chess.com"]
[Date "2016.06.07"]
[Round "9"]
[White "ChessMavenYeti"]
[Black "FearlessKing64"]
[Result "0-1"]
[WhiteElo "2135"]
[BlackElo "2085"]
[TimeControl "180+2"]
[EndTime "12:53:39 PDT"]
[Termination "FearlessKing64 won by checkmate"]

1. d4 Nf6 2. c4 g6 3. Nc3 d5 4. Nf3 Bg7 5. Bg5 Ne4 6. cxd5 Nxg5 7.
Nxg5 e6 8. Qd2 h6 9. Nf3 exd5 10.
Qe3+ Be6 11. O-O-O O-O 12. Ne5 Nd7 13. Nxg6 c5 14.
Nxf8 Nxf8 15. Qd3 cxd4 16. Nb5 Qg5+ 17. Qd2 Rc8+ 18. Nc3 dxc3 19. Qxg5 cxb2+ 20. Kb1 hxg5 21. e3 Nd7 22. Bd3 Nc5 23. Bc2 b5 24. h4 Na4 25.
Rde1 Rxc2 26. Kxc2 Bf5+ 27. Kb3 a5 28. e4 dxe4 29.
Re3 Nc5+ 30. Kc2 b4 31. hxg5 Nd3 32. g4 Bg6 33. Rh2 Nc5 34. Rh1 Na4 35. Rd1 Nc3 36. Rd8+ Bf8 37. Kxb2 Nd1+ 38. Kb3 Nxe3 39. fxe3 Kg7 40.
Ka4 Bc5 41. Kxa5 Bxe3 42. Kxb4 Bxg5 43. Re8 e3 44. Kc3 f5 45. Re5 Bf6 46. Kd4 f4 47.
g5 Bxe5+ 48. Kxe5 e2 49. Kxf4 e1=Q 50. Kg4 Qd2 51. a4 Qa2 52. a5 Qa4+ 53. Kg3 Qxa5 54.
Kg4 Qf5+ 55. Kh4 Qf4+ 56. Kh3 Qxg5 57. Kh2 Kf6 58. Kh1 Kf5 59. Kh2 Kf4 60. Kh3 Qg3# 0-1

[Event "*** Titled Tuesday 3|2 Blitz"]
[Site "Chess.com"]
[Date "2016.06.07"]
[Round "9"]
[White "ChessWarrior7197"]
[Black "AndreyOstrovskiy"]
[Result "1-0"]
[WhiteElo "2530"]
[BlackElo "2449"]
[TimeControl "180+2"]
[EndTime "12:53:57 PDT"]
[Termination "ChessWarrior7197 won by resignation"]

1. d4 Nf6 2. Bf4 e6 3. Nd2 c5 4. e3 cxd4 5. exd4 b6 6. c3 Bb7 7.
Ngf3 Be7 8. h3 d6 9. Be2 a6 10. O-O Nbd7 11. Nc4 Qc7 12. a4 O-O 13. Bh2 Bc6 14. Ne3 b5 15. axb5 axb5 16. Qb3 Qb7 17. Nd2 Nd5 18. Bf3 N7b6 19. Nxd5 Nxd5 20. Ne4 Rad8 21. Ra5 Nb6 22. Nd2 Nd5 23. Rfa1 Ra8 24. Be2 Rxa5 25. Rxa5 b4 26. c4 Nf6 27. Bf3 Bxf3 28. Qxf3 Qb6 29. Nb3 h6 30. c5 dxc5 31. dxc5 Qd8 32. c6 Nd5 33. Qe2 Bd6 34. Bxd6 Qxd6 35.
Rc5 Rc8 36. Qc2 Rc7 37. Na5 Nc3 38. Rc4 Nd5 39. Qd2 Qe5 40. Nb3 g5 41. h4 f6 42.
hxg5 hxg5 43. Rc1 Rh7 44. f3 Qh2+ 45. Kf2 Qe5 46. Nd4 Rc7 47. Qd3 Nf4 48. Qc4 Kf7 49.
Re1 Qf5 50. Nxf5 1-0

[Event "*** Titled Tuesday 3|2 Blitz"]
[Site "Chess.com"]
[Date "2016.06.07"]
[Round "9"]
[White "TheLancer"]
[Black "HansCoolNiemann"]
[Result "0-1"]
[WhiteElo "2454"]
[BlackElo "2330"]
[TimeControl "180+2"]
[EndTime "12:54:05 PDT"]
[Termination "HansCoolNiemann won by resignation"]

1. e4 e6 2. Nc3 c5 3. Nf3 Nc6 4. d4 cxd4 5. Nxd4 Qc7 6. Nxc6 bxc6 7. Bd3 d5 8. O-O Nf6 9. f4 Bc5+ 10. Kh1 O-O 11.
e5 Nd7 12. Rf3 Re8 13. Rh3 g6 14. Qg4 f5 15. Qh4 Nf8 16. Bd2 Qe7 17. Qe1 Rb8 18. Na4 Bb4 19. c3 Ba5 20. b4 Bc7 21. Be3 Bb6 22. Bc5 Bxc5 23. Nxc5 Nd7 24. Nxd7 Bxd7 25. a3 c5 26. g4 d4 27. gxf5 gxf5 28. bxc5 Bc6+ 29. Kg1 Qxc5 30. c4 Kh8 31. Rg3 Rg8 32.
Rb1 Rxb1 33. Qxb1 Qb6 34. Qxb6 axb6 35. Rxg8+ Kxg8 36. Kf2 Kf7 37. Ke1 Ke7 38. Kd2 Be4 39. Be2 Kd7 40. Kc1 Kc6 41. Kb2 Kc5 42. Kb3 d3 43.
Bh5 Kd4 44. a4 Bc6 45. Bd1 d2 46. Kb4 Bd7 47. h4 h6 48. Kb3 Ke3 49. Kc3 Kxf4 50.
Kxd2 Kxe5 51. Kc3 Kd6 52. Kb4 e5 53. Bc2 e4 54. Bd1 Bc6 55. Kc3 Kc5 56. Bb3 f4 57. Bd1 f3 58. Kd2 Kd4 59. Ke1 e3 60. c5 Kxc5 0-1

[Event "*** Titled Tuesday 3|2 Blitz"]
[Site "Chess.com"]
[Date "2016.06.07"]
[Round "9"]
[White "PowerThinking2650"]
[Black "silverback96"]
[Result "1/2-1/2"]
[WhiteElo "2215"]
[BlackElo "2043"]
[TimeControl "180+2"]
[EndTime "12:54:24 PDT"]
[Termination "Game drawn by agreement"]

1. e4 c5 2. Nf3 Nc6 3. d4 cxd4 4. Nxd4 Nf6 5. Nc3 e5 6. Ndb5 d6 7. Bg5 a6 8. Na3 b5 9. Nd5 Be7 10. Bxf6 Bxf6 11. c3 Ne7 12. Nxf6+ gxf6 13. Bd3 d5 14.
O-O Bb7 15. Qe2 dxe4 16. Bxe4 Bxe4 17. Qxe4 Qd5 18. Qxd5 Nxd5 19. Rad1 O-O-O 20. Nc2 Rhg8 21. g3 f5 22. Rd2 Ne7 23. Rfd1 Rxd2 24. Rxd2 e4 25. Kf1 f4 26. gxf4 Rg4 27. Rd6 Rxf4 28.
Rxa6 Nd5 29. Ke2 Rh4 30. Rd6 Nf4+ 31. Ke3 Ng2+ 32. Ke2 Nf4+ 33. Ke1 Rxh2 34. Nb4 Nh3 35. Rf6 Ng1 36. Rxf7 Nf3+ 37. Ke2 Rh1 38. Ke3 Re1+ 39. Kf4 Nd2 40. Nc6 Re2 41. Ke5 Nc4+ 42. Kd5 h5 43.
b3 Nb6+ 44. Kc5 Nd7+ 45. Kd6 h4 46. Rxd7 Rd2+ 47. Nd4 b4 48. Rc7+ Kb8 49. Ke5 bxc3 50. Rxc3 Rxf2 51. Kxe4 Rxa2 52. Rh3 Kb7 53. Rxh4 Kb6 54.
Rh5 Rg2 55. Rb5+ Ka6 56. Re5 Rg4+ 57. Kd3 Kb6 58. Kc4 Rg1 59. b4 Rc1+ 60. Kd5 Rd1 61.
Re6+ Kb7 62. b5 Kc7 63. Rc6+ Kb7 64. Rc4 Kb6 65. Ra4 Kb7 66. Kc5 Rc1+ 67. Rc4 Rh1 68. Nc6 Rh5+ 69. Kb4 Kb6 70. Na5 Rxb5+ 1/2-1/2

[Event "*** Titled Tuesday 3|2 Blitz"]
[Site "Chess.com"]
[Date "2016.06.07"]
[Round "9"]
[White "matej2221"]
[Black "NewBornNow"]
[Result "1-0"]
[WhiteElo "2469"]
[BlackElo "2557"]
[TimeControl "180+2"]
[EndTime "12:54:37 PDT"]
[Termination "matej2221 won by checkmate"]

1. e4 c5 2. Nf3 d6 3. d4 cxd4 4.
Nxd4 Nf6 5. f3 e5 6. Nb3 Be7 7.
c4 O-O 8. Nc3 a5 9. Be3 a4 10. Nd2 Nc6 11. Be2 Be6 12. O-O Qa5 13.
Rc1 Bd8 14. Nd5 Bxd5 15. cxd5 Bb6 16. Nc4 Bxe3+ 17. Nxe3 Nd4 18. Nc2 Qb6 19. Nxd4 exd4 20. Rf2 Rfc8 21. Bd3 Nd7 22. Rxc8+ Rxc8 23. Qxa4 Nc5 24.
Qb5 Qa7 25. a3 g6 26. Rc2 Rf8 27. h3 h5 28. Kh2 h4 29. Qc4 Nd7 30. Qb4 Ne5 31.
Rd2 Qc5 32. Qxc5 dxc5 33. Bb5 g5 34. Kg1 f5 35. b4 b6 36. bxc5 bxc5 37. a4 fxe4 38.
fxe4 Rf4 39. d6 Rf6 40. d7 Rd6 41. a5 Nxd7 42. a6 Nb6 43. a7 Kg7 44. e5 Rd5 45. Bc4 Rxe5 46. Rb2 Nxc4 47. Rb7+ Kf6 48. a8=Q Re1+ 49.
Kf2 Rc1 50. Qf8+ Ke6 51. Qf7+ Kd6 52. Qf6+ Kd5 53. Rd7+ Ke4 54. Qf3+ Ke5 55. Qd5+ Kf4 56.
Rf7# 1-0

[Event "*** Titled Tuesday 3|2 Blitz"]
[Site "Chess.com"]
[Date "2016.06.07"]
[Round "9"]
[White "StoreySniper"]
[Black "alturas_pacificas"]
[Result "1-0"]
[WhiteElo "2321"]
[BlackElo "2164"]
[TimeControl "180+2"]
[EndTime "12:54:38 PDT"]
[Termination "StoreySniper won by resignation"]

1. d4 d5 2. c4 c6 3. Nc3 Nf6 4. Nf3 e6 5. Qc2 Bd6 6. e4 dxe4 7. Nxe4 Nxe4 8. Qxe4 Bb4+ 9. Bd2 Qa5 10. a3 Bxd2+ 11. Nxd2 Nd7 12. b4 Qc7 13. Qg4 O-O 14. Bd3 Nf6 15. Qh4 e5 16. Qg3 Re8 17. O-O Qd8 18.
dxe5 Ng4 19. Rfe1 Qd4 20. Nb3 Qb2 21. Rab1 Qxa3 22. Nc5 g6 23. h3 b6 24. Ne4 Nxe5 25.
Nf6+ Kf8 26. Rxe5 Rxe5 27. Qxe5 Qxd3 28. Nxh7+ Kg8 29. Nf6+ Kf8 30. Re1 Be6 31. Nd7+ Qxd7 32.
Qh8+ Ke7 33. Qxa8 Qd2 34. Re3 Qxb4 35. Qxa7+ Kf6 36. Qb8 Qxc4 37. Qe5+ Ke7 38. Qc7+ Kf6 39. Rf3+ Kg7 40. Qe5+ Kf8 41. Rc3 Qd5 42. Qh8+ Ke7 43.
Re3 Qd1+ 44. Kh2 Qd6+ 45. g3 b5 46. h4 Qd2 47. Rf3 b4 48. Qf6+ Ke8 49. Rf4 b3 50.
Ra4 Kd7 51. Ra7+ Kd6 52. Qd8+ Ke5 53. Qxd2 c5 54. Qc3+ Kd5 55. Rc7 c4 56. Rxc4 Kd6 57. Qd4+ Ke7 58. Rc7+ Kf8 1-0